 Dungeon Crawl Stone Soup version 0.32-a0-685-g93135e86f0 (webtiles) character file.

Game seed: 11311718596270547917

3366 ASSMAN the Grappler (level 9, -7/63 HPs)
             Began as a Demonspawn Berserker on Mar 12, 2024.
             Was a Priest of Trog.
             Shot with an arrow by a centaur (9 damage)
             ... on level 8 of the Dungeon on Mar 13, 2024.
             The game lasted 00:09:45 (6566 turns).

ASSMAN the Grappler (Demonspawn Berserker)          Turns: 6566, Time: 00:09:46

Health: -7/63      AC:  8    Str: 21    XL:     9   Next: 73%
Magic:  0/9        EV: 12    Int:  7    God:    Trog [***...]
Gold:   416        SH:  0    Dex: 14    Spells: 8/8 levels left

rFire   . .          .
                       - Unarmed
rCold   . . .        (no shield)
rNeg    . . .        n - +3 leather armour of Reason {Rampage ^Drain rPois rCorr}
rPois   +            (no helmet)
rElec   .            u - +0 cloak
rCorr   +            (no gloves)
SInv    .            e - +0 pair of boots
Will    ++...        r - amulet of guardian spirit
Stlth   +            s - +4 ring of slaying
HPRegen 1.30/turn    (no ring)
MPRegen 0.11/turn

%: guardian spirit, rampage
@: lethally poisoned (-7 -> -7), strong-willed, on berserk cooldown,
regenerating, slowed, studying Throwing, very slow
A: claws 1, demonic guardian 2, sturdy frame 2
a: Renounce Religion, Berserk, Trog's Hand


You were on level 8 of the Dungeon.
You worshipped Trog.
Trog was most pleased with you.
You visited 1 branch of the dungeon, and saw 8 of its levels.

You collected 416 gold pieces.

Inventory:

Hand Weapons
 i - a +5 heavy hand axe
Missiles
 a - 4 javelins (quivered)
Armour
 e - a +0 pair of boots (worn)
 n - the +3 leather armour of Reason (worn) {Rampage ^Drain rPois rCorr}
   (You found it on level 4 of the Dungeon)

   rPois:     It protects you from poison.
   rCorr:     It protects you from acid and corrosion.
   ^Drain:    It drains your maximum health when unequipped.
   Rampage:   It bestows one free step when moving towards enemies.
 u - a +0 cloak (worn)
 z - the +1 robe "Iwiocall" {Str+8}
   (You found it on level 7 of the Dungeon)

   Str+8:     It affects your strength (+8).
Jewellery
 m - a ring of ice
 r - an amulet of guardian spirit (around neck)
 s - a +4 ring of slaying (left claw)
Wands
 l - a wand of charming (9)
 A - a wand of quicksilver (8)
Scrolls
 b - a scroll of vulnerability {unknown}
 p - a scroll of blinking {unknown}
 q - a scroll of identify
 w - a scroll of poison {unknown}
 x - a scroll of torment
 y - 2 scrolls of enchant weapon {unknown}
Potions
 c - a potion of berserk rage {unknown}
 d - 2 potions of magic {unknown}
 f - 3 potions of heal wounds {unknown}
 g - 2 potions of attraction {unknown}
 h - 2 potions of mutation {unknown}
 j - 3 potions of lignification {unknown}
 k - 2 potions of enlightenment {unknown}
 o - a potion of invisibility {unknown}
 t - a potion of ambrosia {unknown}
 v - a potion of cancellation {unknown}


   Skills:
 - Level 3.0 Fighting
 + Level 9.5 Throwing
 - Level 1.7 Armour
 - Level 1.7 Dodging
 + Level 11.1 Unarmed Combat


You had 8 spell levels left.
You didn't know any spells.
Your spell library was empty.

Dungeon Overview and Level Annotations

Branches:
Dungeon (8/15)             Temple (0/1) D:4
   Lair: D:8-11

Altars:
Dithmenos
Fedhas
Kikubaaqudgha
Okawaru
Ru
Trog
Vehumet

Shops:
D:7 (


Innate Abilities, Weirdness & Mutations

You have sharp fingernails.
A demonic guardian rushes to your aid.
Your movements are less encumbered by armour. (ER -4)


Message History

The water moccasin poisons you!
The gnoll sergeant hits you from afar with a +0 trident!
You closely miss the water moccasin.
The water moccasin is almost dead.
You feel very sick. The water moccasin closely misses you.
The gnoll sergeant hits you from afar with a +0 trident.
The water moccasin closely misses you.
You are too injured to fight recklessly!
Your skin crawls.
You feel strong-willed.
You feel very sick.
The water moccasin bites you but does no damage.
The gnoll sergeant hits you from afar with a +0 trident.
* * * LOW HITPOINT WARNING * * *
The water moccasin closely misses you.
The gnoll sergeant hits you from afar with a +0 trident.
* * * LOW HITPOINT WARNING * * *
A demonic guardian appears!
You feel very sick.
The water moccasin attacks as it pursues you!
The water moccasin misses you.
The gnoll hits your ice devil but does no damage.
Your ice devil hits the water moccasin!
The water moccasin dies!
Trog accepts your kill.
You're still recovering from your berserk rage.
You feel sick.
The centaur wields a +0 orcbow.
The centaur shoots an arrow.
The arrow barely misses you.
Your ice devil hits the gnoll!
Your ice devil freezes the gnoll!
The gnoll dies!
Trog accepts your kill.
The centaur shoots an arrow.
The arrow hits you!
* * * LOW HITPOINT WARNING * * *
Your ice devil hits the gnoll sergeant.
Your ice devil freezes the gnoll sergeant!
Okay, then.
You feel sick.
The centaur shoots an arrow.
The arrow barely misses your ice devil. The arrow hits you!
You die...

.... #.#.# ###.## ... #.#.#
#.#### ..# #.#.# #..... #
#.# #.#####.#### #.####.#
#.......#### ......##
#.#####.#.## #.###.##g.###
#....>#.....
......c†4...######.###.#.##
.##.#.##.#@...## #.<######
.. #..#....###..#####.
#.#..................... ..
#.##.######.########## ..
.. #.......>)))....... # #
#.######.########## ..# #.#
#.# #.# #. #.#


You could see a gnoll sergeant (ally target), a centaur and a friendly ice devil
(summoned).

Vanquished Creatures
  Prince Ribbit (D:5)
  Grinder (D:3)
  Sigmund (D:6)
  A wyvern (D:7)
  An ice beast (D:5)
  A black bear (D:5)
  An orc warrior (D:7)
  A sky beast (D:7)
  2 ogres
  2 phantoms (D:5)
  A kobold brigand (D:7)
  2 bullfrogs
  3 scorpions
  9 wights
  4 killer bees (D:7)
  2 vampire bats (D:7)
  3 orc priests (D:7)
  3 jellies
  Crazy Yiuf (D:5)
  4 hounds
  2 sleepcaps
  2 iguanas (D:5)
  Terence (D:3)
  2 orc wizards
  10 gnolls
  5 adders
  A shadow imp (D:5)
  4 ufetubi
  2 dart slugs
  2 ribbon worms
  14 orcs
  4 bat skeletons (D:7)
  2 bat zombies (D:7)
  8 endoplasms
  A giant cockroach (D:1)
  3 goblins
  5 hobgoblins
  6 jackals (D:1)
  5 quokkas
  10 ball pythons
  6 bats
  4 frilled lizards
  7 kobolds
  2 rats
152 creatures vanquished.

Vanquished Creatures (collateral kills)
  A water moccasin (D:8)
  A gnoll (D:8)
  An adder (D:3)
  A white imp (D:4)
  4 orcs (D:4)
8 creatures vanquished.

Grand Total: 160 creatures vanquished

Notes
Turn   | Place    | Note
-------+----------+-------------------------------------------
     0 | D:1      | ASSMAN the Demonspawn Berserker began the quest for the
                  | Orb.
     0 | D:1      | Reached XP level 1. HP: 18/18 MP: 1/1
   116 | D:1      | Reached skill level 3 in Unarmed Combat
   194 | D:1      | Gained mutation: Your movements are slightly less
                  | encumbered by armour. (ER -2) [demonic ancestry]
   194 | D:1      | Reached XP level 2. HP: 20/24 MP: 2/2
   768 | D:2      | Reached XP level 3. HP: 20/29 MP: 3/3
   769 | D:2      | Reached skill level 4 in Unarmed Combat
   930 | D:2      | Found a faded altar of an unknown god.
   955 | D:2      | Gained mutation: Your movements are less encumbered by
                  | armour. (ER -4) [demonic ancestry]
   955 | D:2      | Reached XP level 4. HP: 18/35 MP: 4/4
  1045 | D:2      | Reached ** piety under Trog
  1628 | D:3      | Noticed Terence
  1636 | D:3      | Reached skill level 5 in Unarmed Combat
  1639 | D:3      | Killed Terence
  1640 | D:3      | Gained mutation: A weak demonic guardian rushes to your
                  | aid. [demonic ancestry]
  1640 | D:3      | Reached XP level 5. HP: 41/41 MP: 5/5
  1885 | D:3      | Noticed Grinder
  1894 | D:3      | Killed Grinder
  1895 | D:3      | Reached skill level 6 in Unarmed Combat
  1895 | D:3      | Gained mutation: A demonic guardian rushes to your aid.
                  | [demonic ancestry]
  1895 | D:3      | Reached XP level 6. HP: 47/47 MP: 6/6
  2068 | D:3      | Found an iron altar of Okawaru.
  2068 | D:3      | Found a sacrificial altar of Ru.
  2069 | D:3      | Found a bloodstained altar of Trog.
  2316 | D:4      | Reached skill level 7 in Unarmed Combat
  2442 | D:4      | Reached XP level 7. HP: 52/52 MP: 7/7
  2451 | D:4      | Found a staircase to the Ecumenical Temple.
  2458 | D:4      | Identified the +3 leather armour of Reason {Rampage ^Drain
                  | rPois rCorr}
  3040 | D:5      | Entered Level 5 of the Dungeon
  3055 | D:5      | Reached *** piety under Trog
  3056 | D:5      | Reached skill level 8 in Unarmed Combat
  3158 | D:5      | Found a runed translucent door.
  3159 | D:5      | Noticed Crazy Yiuf
  3169 | D:5      | Killed Crazy Yiuf
  3309 | D:5      | Identified a scroll of acquirement
  3309 | D:5      | Acquired a manual of Throwing
  3454 | D:5      | Noticed Prince Ribbit
  3464 | D:5      | Killed Prince Ribbit
  3465 | D:5      | Reached skill level 9 in Unarmed Combat
  3465 | D:5      | Reached XP level 8. HP: 58/58 MP: 6/8
  4283 | D:6      | Found a blossoming altar of Fedhas.
  4518 | D:6      | Found a shadowy altar of Dithmenos.
  4675 | D:6      | Reached skill level 5 in Throwing
  4968 | D:6      | Noticed Sigmund
  4974 | D:6      | Killed Sigmund
  5427 | D:7      | Reached skill level 10 in Unarmed Combat
  5442 | D:7      | Gained mutation: You have sharp fingernails. [demonic
                  | ancestry]
  5442 | D:7      | Reached XP level 9. HP: 63/63 MP: 7/9
  5732 | D:7      | Found a radiant altar of Vehumet.
  5875 | D:7      | Found Uvunuoh's Weapon Boutique.
  6015 | D:7      | Identified the +1 robe "Iwiocall" {Str+8}
  6025 | D:7      | Found an ancient bone altar of Kikubaaqudgha.
  6535 | D:8      | Reached skill level 11 in Unarmed Combat
  6565 | D:8      | HP: 2/63 [centaur/arrow (9)]
  6566 | D:8      | Shot with an arrow by a centaur

Illustrated notes

Levels and vault maps discovered:
D:1:      nzn_arrival_water_spiral, layout_loops_ring
D:2:      layout_basic, ebering_ecumenical_altar_petrified, amethyst_killhole,
          minivault_23
D:3:      layout_basic, gammafunk_temple_overflow_claw,
          dreamdust_princess_bridge, uniq_terence, uniq_grinder
D:4:      minmay_wonky_spiral, layout_rooms, minmay_temple_entry_statues
D:5:      layout_cave_pods, uniq_prince_ribbit1, uniq_crazy_yiuf_cottage
D:6:      hellmonk_destroyed_diamonds, layout_layer_cave, fedhas_altar_2,
          nicolae_dithmenos_shadow_blocks, uniq_sigmund
D:7:      layout_loops_ring, kennysheep_vampire_church,
          nicolae_vehumet_radiance, serial_shops, kennysheep_mini
D:8:      layout_basic, mainiacjoe_overflow_chevrons,
          mainiacjoe_overflow_alcove_2, grunt_decor_fettered,
          minmay_diced_spiral

Skill      XL: |  1  2  3  4  5  6  7  8  9 |
---------------+----------------------------+-----
Unarmed Combat | 3 4 5 6 7 9 10 11 | 11.1
Throwing       | 2 6 9 |  9.5
Fighting       | |  3.0
Armour         | |  1.7
Dodging        | |  1.7

Action                     |  1- 3 |  4- 6 |  7- 9 || total
---------------------------+-------+-------+-------++-------
  Melee: Unarmed           |   104 |    99 |   225 ||   428
         Punch             |     2 |     2 |    13 ||    17
  Throw: Javelin           |       |       |    11 ||    11
 Invoke: Berserk           |     4 |     5 |     9 ||    18
         Trog's Hand       |       |       |     1 ||     1
    Use: Scroll            |       |       |     7 ||     7
   Stab: Sleeping          |       |     1 |     4 ||     5
 Armour: Animal skin       |    52 |     2 |       ||    54
         Ring mail         |       |    39 |     2 ||    41
         Leather armour    |       |       |   124 ||   124
         Skin              |       |       |     9 ||     9
  Dodge: Dodged            |    63 |    60 |   125 ||   248

Table legend: (Time is in decaauts)
 A = Elapsed time spent in this place.
 B = Non-inter-level travel time spent in this place.
 C = Inter-level travel time spent in this place.
 D = Time resting spent in this place.
 E = Time spent auto-exploring this place.
 F = Levels seen in this place.
 G = Mean time per level.
                   A        B        C        D        E       F      G
               +--------+--------+--------+--------+--------+-----+--------+
         Total |   6674 |   6403 |    271 |    367 |   5104 |   8 |  834.2 |
       Dungeon |   6674 |   6403 |    271 |    367 |   5104 |   8 |  834.2 |
               +--------+--------+--------+--------+--------+-----+--------+

Top non-repeatable levels by time:
     D:6: 1196 daAuts
     D:5: 1160 daAuts
     D:7: 1031 daAuts
     D:2: 895 daAuts
     D:4: 866 daAuts
     D:1: 762 daAuts
     D:3: 633 daAuts
     D:8: 128 daAuts
